 Dungeon Crawl Stone Soup version 0.27.1-2-g3b301248ec (webtiles) character file.

Game seed: 14512167233743145411

6430 Mesmaeker13 the Fighter (level 10, -6/101 (113) HPs)
             Began as an Ogre Hunter on Sept 22, 2021.
             Was an Initiate of Ashenzari.
             Killed from afar by a necromancer (29 damage)
             ... with a bolt of negative energy
             ... on level 9 of the Dungeon.
             The game lasted 00:20:43 (11330 turns).

Mesmaeker13 the Fighter (Ogre Hunter)              Turns: 11330, Time: 00:20:44

HP:   -6/101 (113)  AC:  9    Str: 27    XL:     10   Next: 99%
MP:   10/10         EV: 12    Int: 14    God:    Ashenzari [......]
Gold: 432           SH:  0    Dex: 14    Spells: 6/9 levels left

rFire    . . .     SeeInvis .   r - +7 war axe "Newtbane" {vorpal, rPois Will- Str+8 Dex+5}
rCold    . . .     Faith    .   (no shield)
rNeg     . . .     Spirit   .   C - +0 steam dragon scales
rPois    +         Reflect  .   (helmet restricted)
rElec    .         Harm     .   D - +2 cloak {Will+}
rCorr    .         Rampage  .   (gloves unavailable)
Will     +....                  (boots unavailable)
Stlth    ++........             y - amulet of regeneration
HPRegen  1.26/turn              (no ring)
MPRegen  0.12/turn              (no ring)

@: heavily drained
A: large, unfitting armour, tough skin 1
a: Renounce Religion, Curse Item


You were on level 9 of the Dungeon.
You worshipped Ashenzari.
Ashenzari was noncommittal.
You visited 2 branches of the dungeon, and saw 10 of its levels.

You collected 432 gold pieces.

Inventory:

Hand Weapons
 i - a +2 short sword of flaming
 m - a +3 vorpal mace
 r - the +7 war axe "Newtbane" (weapon) {vorpal, rPois Will- Str+8 Dex+5}
   (You took it off an orc on level 4 of the Dungeon)

   It inflicts extra damage upon your enemies.
   Str:       It affects your strength (+8).
   Dex:       It affects your dexterity (+5).
   rPois:     It protects you from poison.
   Will:      It decreases your willpower.
Missiles
 c - a large rock (quivered)
 e - 3 javelins
 f - 37 poisoned darts
 s - 2 throwing nets
Armour
 x - a scarf of repulsion
 C - +0 steam dragon scales (worn)
 D - a +2 cloak of willpower (worn)
Jewellery
 b - a ring of poison resistance
 o - a ring of fire
 y - an amulet of regeneration (around neck)
Wands
 n - a wand of polymorph (22)
Scrolls
 g - a scroll of enchant armour
 h - a scroll of enchant weapon
 j - a scroll of silence
 k - 2 scrolls of magic mapping
 l - a scroll of summoning
 p - a scroll of fear
 q - a scroll of fog
 v - 5 scrolls of teleportation
 w - 2 scrolls of blinking
Potions
 a - 2 potions of magic
 d - a potion of heal wounds
 t - a potion of mutation
 u - 3 potions of lignification
 z - 2 potions of haste
 A - a potion of cancellation
 B - 5 potions of curing


   Skills:
 + Level 11.0 Fighting
 + Level 7.2(7.4) Axes
 - Level 2.0(4.6) Maces & Flails
 - Level 7.5 Throwing
 + Level 2.8 Armour
 - Level 7.0 Dodging
 - Level 0.6 Stealth
 + Level 4.7 Ice Magic


You had 6 spell levels left.
You knew the following spells:

 Your Spells              Type           Power      Damage    Failure   Level
a - Ozocubu's Armour      Ice            13%        N/A       13%         3

Your spell library contained the following spells:

 Spells                   Type           Power      Damage    Failure   Level
 Corpse Rot               Necr/Air       N/A        N/A       41%         2
 Summon Guardian Golem    Hex/Summ       0%         N/A       65%         3
 Airstrike                Air            0%         N/A       96%         4
 Dispel Undead            Necr           0%         3d6       96%         4
 Leda's Liquefaction      Hex/Erth       0%         N/A       96%         4
 Summon Lightning Spire   Summ/Air       0%         N/A       96%         4
 Metabolic Englaciation   Hex/Ice        3%         N/A       97%         5
 Bolt of Magma            Conj/Fire/Erth 0%         4d4       100%        5
 Lightning Bolt           Conj/Air       0%         1d11      100%        5
 Summon Forest            Summ/Tloc      0%         N/A       100%        5
 Summon Mana Viper        Hex/Summ       0%         N/A       100%        5
 Death Channel            Necr           0%         N/A       100%        6
 Shadow Creatures         Summ           N/A        N/A       100%        6
 Simulacrum               Ice/Necr       3%         N/A       100%        6
 Statue Form              Tmut/Erth      0%         N/A       100%        6
 Orb of Destruction       Conj           0%         N/A       100%        7
 Spellforged Servitor     Conj/Summ      0%         N/A       100%        7


Dungeon Overview and Level Annotations

Branches:
Dungeon (9/15)             Temple (1/1) D:6
   Lair: D:8-11         Orc: D:9-12

Altars:
Ashenzari
Cheibriados
Elyvilon
Gozag
Hepliaklqana
Kikubaaqudgha
Makhleb
Nemelex Xobeh
Qazlal
Ru
Sif Muna
Trog
Wu Jian
Yredelemnul
Zin


Innate Abilities, Weirdness & Mutations

You are too large for most types of armour.
You have tough skin. (AC +1)


Message History

The wolf simulacrum bites you but does no damage. x2
The necromancer casts a spell at you.
The bolt of negative energy hits the wolf simulacrum.
The wolf simulacrum completely resists.
The bolt of negative energy hits you!!
You feel drained.
The bolt of negative energy hits the plant.
The plant completely resists.
Unknown command.
Throw: 2 large rocks
Press: ? - help, Q - select action, (/) - cycle Shift-Dir - straight line, f/p - necromancer
Aim: a necromancer, wielding a +0 dagger and wearing a +0 robe (moderately wounded, 58% to hit)
You throw a large rock.
The large rock hits the wolf simulacrum.
The wolf simulacrum is moderately damaged.
The wolf simulacrum closely misses you.
You closely miss the necromancer.
The necromancer is moderately wounded.
The necromancer mumbles some strange words.
The necromancer binds the souls of nearby monsters.
You miss the necromancer.
The necromancer is moderately wounded.
The necromancer closely misses you.
You closely miss the necromancer.
The necromancer is moderately wounded.
The necromancer casts a spell.
The necromancer binds the souls of nearby monsters.
You slash the necromancer!
The necromancer is heavily wounded.
The necromancer gestures at you while chanting.
Your body is wracked with pain!
You slash the necromancer!
The necromancer is almost dead.
The necromancer casts a spell at you.
Your body is wracked with pain!
* * * LOW HITPOINT WARNING * * *
You closely miss the necromancer.
The necromancer is almost dead.
The necromancer gestures at you while chanting.
The bolt of negative energy hits you!!
You feel drained.
You die...

##.. .# #..####.#
##########.......#
.........##......#
##.......##.....#
######..............#
...........##.......#
######.....##.......#
#(..Zp@.⌠P.##..##...#
#....#.........##...#
#... #####.....##...#
#.#.. #.....##)))# ..#.##
#.....##..)# #.#.#
#..........#
#.#.##########..........#
#.+.....................#
.
#.#.......#.............#


You could see a necromancer and a wolf simulacrum.

Vanquished Creatures
  A two-headed ogre (D:8)
  A cyclops (D:8)
  2 trolls
  Prince Ribbit (D:5)
  A shadow (D:7)
  A wyvern (D:8)
  A steam dragon (D:8)
  3 yaks (D:5)
  Duvessa (D:4)
  2 water moccasins
  4 orc warriors
  A sky beast (D:4)
  2 necrophages
  A black bear (D:6)
  A phantom (D:5)
  3 centaurs (D:9)
  2 kobold brigands
  3 bullfrogs
  A wyvern zombie (D:7)
  A gnoll sergeant (D:4)
  4 scorpions
  A wyvern skeleton (D:7)
  Dowan (D:4)
  9 killer bees
  6 wights
  3 electric eels (D:6)
  2 centaur zombies
  Crazy Yiuf (D:2)
  2 centaur skeletons
  A gnoll shaman (D:9)
  2 orc priests
  3 iron imps (D:3)
  2 jellies
  Terence (D:2)
  Natasha (thrice) (D:2)
  9 orc wizards
  A killer bee zombie (D:8)
  A wolf simulacrum (D:9)
  Robin (D:3)
  A howler monkey zombie (D:9)
  9 gnolls
  10 adders
  2 river rats (D:3)
  2 white imps (D:5)
  An adder zombie (D:5)
  3 worms
  4 dart slugs
  28 orcs
  5 ball pythons
  5 endoplasms
  10 giant cockroaches
  8 goblins
  9 hobgoblins
  11 jackals
  10 kobolds
  3 quokkas
  3 bats
  2 frilled lizards
  8 rats
220 creatures vanquished.

Vanquished Creatures (others)
  49 plants
49 creatures vanquished.

Grand Total: 269 creatures vanquished

Notes
Turn   | Place    | Note
-------+----------+-------------------------------------------
     0 | D:1      | Mesmaeker13 the Ogre Hunter began the quest for the Orb.
     0 | D:1      | Reached XP level 1. HP: 22/22 MP: 1/1
    75 | D:1      | Reached skill level 3 in Fighting
   182 | D:1      | Reached XP level 2. HP: 28/31 MP: 2/2
   548 | D:1      | Reached XP level 3. HP: 33/37 MP: 3/3
  2086 | D:2      | Reached XP level 4. HP: 45/48 MP: 4/4
  2112 | D:2      | Noticed Natasha
  2129 | D:2      | Killed Natasha
  2130 | D:2      | Reached skill level 4 in Fighting
  2284 | D:2      | Noticed Terence
  2287 | D:2      | Killed Terence
  2381 | D:2      | Reached XP level 5. HP: 54/55 MP: 5/5
  2417 | D:2      | Found a runed translucent door.
  2418 | D:2      | Noticed Crazy Yiuf
  2485 | D:2      | Noticed Natasha
  2486 | D:2      | Killed Natasha
  3463 | D:3      | Reached skill level 5 in Throwing
  3966 | D:3      | Found a burning altar of Makhleb.
  3991 | D:3      | Reached skill level 5 in Fighting
  3991 | D:3      | Reached skill level 1 in Maces & Flails
  3991 | D:3      | Reached XP level 6. HP: 66/66 MP: 6/6
  4208 | D:3      | Noticed Robin
  4222 | D:3      | Killed Robin
  4611 | D:4      | Noticed a sky beast
  4623 | D:4      | Killed a sky beast
  4651 | D:4      | Identified the +7 war axe "Newtbane" {vorpal, rPois Will-
                  | Str+8 Dex+5}
  4755 | D:4      | Reached XP level 7. HP: 74/74 MP: 7/7
  5006 | D:4      | Reached skill level 6 in Fighting
  5006 | D:4      | Reached skill level 1 in Axes
  5140 | D:4      | Found a bloodstained altar of Trog.
  5140 | D:4      | Noticed Dowan
  5153 | D:4      | Noticed Duvessa
  5156 | D:4      | Killed Dowan
  5546 | D:4      | Killed Duvessa
  5547 | D:4      | Reached XP level 8. HP: 84/84 MP: 8/8
  5620 | D:4      | Found a glowing silver altar of Zin.
  5620 | D:4      | Noticed an angel
  5676 | D:4      | Found a snail-covered altar of Cheibriados.
  6029 | D:5      | Entered Level 5 of the Dungeon
  6051 | D:5      | Noticed Prince Ribbit
  6053 | D:5      | Killed Prince Ribbit
  6054 | D:5      | Reached skill level 7 in Fighting
  6157 | D:5      | Noticed a yak
  6178 | D:5      | Killed a yak
  6179 | D:5      | Reached skill level 5 in Dodging
  6179 | D:5      | Noticed a yak
  6180 | D:5      | Noticed a yak
  6186 | D:5      | Killed a yak
  6190 | D:5      | Killed a yak
  6239 | D:5      | Reached skill level 8 in Fighting
  6239 | D:5      | Reached XP level 9. HP: 82/96 MP: 9/9
  6400 | D:5      | Found a hazy altar of Hepliaklqana.
  6461 | D:5      | Found a stormy altar of Qazlal.
  7410 | D:6      | Found a staircase to the Ecumenical Temple.
  7419 | Temple   | Entered the Ecumenical Temple
  7559 | Temple   | Became a worshipper of Ashenzari the Shackled
  7695 | D:6      | Learned a level 3 spell: Ozocubu's Armour
  7798 | D:6      | Noticed a troll
  7802 | D:6      | Killed a troll
  7803 | D:6      | Reached skill level 5 in Axes
  7803 | D:6      | Reached skill level 1 in Ice Magic
  7912 | D:6      | Reached skill level 9 in Fighting
  8350 | D:7      | Found a white marble altar of Elyvilon.
  9090 | D:8      | Noticed a cyclops
  9095 | D:8      | Killed a cyclops
  9096 | D:8      | Reached XP level 10. HP: 94/109 MP: 10/10
  9396 | D:8      | Reached skill level 10 in Fighting
  9659 | D:8      | Found the +10 dark maul {vorpal}
  9681 | D:8      | Noticed a two-headed ogre
  9688 | D:8      | Killed a two-headed ogre
  9689 | D:8      | Reached skill level 1 in Armour
  9844 | D:8      | Found a sacrificial altar of Ru.
 10269 | D:2      | Noticed Natasha
 10272 | D:2      | Killed Natasha
 10385 | D:2      | Killed Crazy Yiuf
 10691 | D:9      | Identified the +0 scale mail of Eboime {Str+6}
 11133 | D:9      | Reached skill level 11 in Fighting
 11221 | D:9      | Noticed a cyclops
 11221 | D:9      | Noticed a two-headed ogre
 11317 | D:9      | Noticed a necromancer
 11330 | D:9      | Killed from afar by a necromancer

Illustrated notes

Levels and vault maps discovered:
D:1:      dpeg_arrival_prison, layout_basic
D:2:      layout_loops_ring, uniq_natasha, uniq_crazy_yiuf_cottage, uniq_terence
D:3:      layout_basic, demons_altar, gup_sewer_entry_spiral, roderic_lattice_a,
          uniq_robin
D:4:      minmay_wonky_spiral, layout_cave_pools, lemuel_round_altar,
          kennysheep_mini, zin_angel, lightli_minifort, uniq_duvessa
D:5:      layout_loops_ring, mainiacjoe_overflow_six_doors_small,
          nicolae_overflow_crystal_walls, solitary_fountain,
          chequers_serial_rivers_marsh, amethyst_killhole, serial_bayou_pond_c,
          corexii_shack, uniq_prince_ribbit1
D:6:      layout_rooms, minmay_temple_entry_trees, serial_bayou,
          serial_bayou_shore_a, serial_bayou_ford_a, serial_bayou_shore_b,
          serial_bayou_crossing, serial_bayou_pond_c
D:7:      layout_cave_pods, elyvilon_altar_4, patterned_corridor
D:8:      layout_basic, hangedman_ru_absence, minivault_21
D:9:      minmay_the_grid_3x2 [minmay_the_grid_large_cup, minmay_the_grid_paths,
          minmay_the_grid_minigrid_large, minmay_the_grid_minigrid_small_alt,
          minmay_the_grid_x, minmay_the_grid_prize_diamond_cup],
          layout_stronghold, mainiacjoe_overflow_alcove_2,
          minmay_misc_feat_enclosed, st_stairs_2, hangedman_glass_teeth,
          eino_house_with_fridge
Temple:   nicolae_temple_figure_eight

Skill      XL: |  1  2  3  4  5  6  7  8  9 10 |
---------------+-------------------------------+-----
Fighting       | 3 4 5 6 8 9 11 | 11.0
Dodging        | 2 3 4 5 6 7 |  7.0
Throwing       | 5 6 7 |  7.5
Maces & Flails | 1 2 |  2.0
Axes           | 2 4 5 7 |  7.2
Ice Magic      | 2 4 |  4.7
Armour         | 2 |  2.8
Stealth        | |  0.6

Action                   |  1- 3 |  4- 6 |  7- 9 | 10-12 || total
-------------------------+-------+-------+-------+-------++-------
Melee: Short sword       |   157 |     2 |       |       ||   159
       Quarterstaff      |       |    15 |       |       ||    15
       Mace              |       |   127 |     5 |       ||   132
       War axe           |       |       |   164 |   139 ||   303
Throw: Large rock        |     6 |    11 |    17 |     6 ||    40
       Dart              |     9 |     6 |    12 |    18 ||    45
       Throwing net      |     2 |     4 |     3 |     2 ||    11
       Javelin           |     2 |       |    14 |     2 ||    18
Evoke: Wand              |       |       |     4 |       ||     4
  Use: Potion            |       |     1 |     2 |       ||     3
       Scroll            |       |     2 |     3 |     1 ||     6
 Stab: Sleeping          |       |     1 |     1 |     1 ||     3
       Held in net/web   |       |     1 |       |       ||     1
Armor: Robe              |    48 |    38 |    34 |     4 ||   124
       Skin              |       |     5 |    16 |       ||    21
       Steam dragon scal |       |       |       |    41 ||    41
Dodge: Dodged            |    86 |    93 |    82 |   133 ||   394
